 Dungeon Crawl Stone Soup version 0.20.0-15-g7f486f2 (webtiles) character file.

18 grindst0ne the Magician (level 2, -18/19 HPs)
             Began as a Mummy Fire Elementalist on June 12, 2017.
             Demolished by Terence
             ... wielding a +4 morningstar of crushing
              (20 damage)
             ... on level 2 of the Dungeon.
             The game lasted 00:02:39 (868 turns).

grindst0ne the Magician (Mummy Fire Elementalist)    Turns: 868, Time: 00:02:40

Health: -18/19     AC:  2    Str: 11    XL:     2   Next: 48%
Magic:  4/6        EV: 11    Int: 14    God:
Gold:   14         SH:  0    Dex: 12    Spells: 6/7 levels left

rFire    . . .     SeeInvis .   (no weapon)
rCold    . . .     Gourm    .   (no shield)
rNeg     + + +     Faith    .   a - +0 robe
rPois    ∞         Spirit   .   (no helmet)
rElec    .         Reflect  .   (no cloak)
rCorr    .         Harm     .   (no gloves)
MR       .....                  (no boots)
Stlth    +.........             (no amulet)
Regen    0.1/turn               f - ring of fire (curse)
MPRegen  0.1/turn               (no ring)

@: very slightly contaminated, heavily drained
A: no food or potions, fire vulnerability, cold resistance 1, negative energy
resistance 3, torment resistance, unbreathing
a: no special abilities


You were on level 2 of the Dungeon.
You were not hungry.

You visited 1 branch of the dungeon, and saw 2 of its levels.

You collected 14 gold pieces.

Inventory:

Armour
 a - a +0 robe (worn)
Jewellery
 f - a cursed ring of fire (left hand)
Scrolls
 c - 2 scrolls of remove curse {unknown}
 d - a scroll of teleportation {unknown}
 e - 2 scrolls of identify {unknown}
Books
 b - a book of Flames

   Spells                             Type                      Level
   a - Flame Tongue                   Conjuration/Fire             1
   b - Throw Flame                    Conjuration/Fire             2
   c - Conjure Flame                  Conjuration/Fire             3
   d - Inner Flame                    Hexes/Fire                   3
   e - Sticky Flame                   Conjuration/Fire             4
   f - Fireball                       Conjuration/Fire             5


   Skills:
 - Level 1.5(0.0) Dodging
 - Level 1.5(0.0) Stealth
 + Level 3.3(1.7) Spellcasting
 - Level 0.7(0.0) Conjurations
 + Level 2.8(1.3) Fire Magic


You had 6 spell levels left.
You knew the following spells:

 Your Spells              Type           Power        Failure   Level  Hunger
a - Flame Tongue          Conj/Fire      #....        19%         1    N/A

Dungeon Overview and Level Annotations

Branches:
Dungeon (2/15)

Altars:

Annotations:
D:2 Terence


Innate Abilities, Weirdness & Mutations

You do not eat or drink.
Your flesh is vulnerable to fire.
You are immune to poison.
Your flesh is cold resistant. (rC+)
You are immune to negative energy. (rN+++)
You are immune to unholy pain and torment.
You can survive without breathing.


Message History

You feel a surge of power!
The flame tongue hits Terence.
Terence appears unharmed.
Casting: Flame Tongue
Confirm with . or Enter, or press ? or * to list all spells.
Aiming: Flame Tongue
Press: ? - help, Shift-Dir - straight line, f/p - Terence
Aim: Terence, wielding a morningstar of crushing and wearing a chain mail (unusually strong)
You feel a surge of power!
You miscast Flame Tongue.
You are very lightly contaminated with residual magic.
Nothing appears to happen.
Terence hits you with a morningstar of crushing!
Ouch! That really hurt!
* * * LOW HITPOINT WARNING * * *
x2
There is a stone staircase leading up here.
(D) Dungeon
Where to? (Enter - D:2, ? - help) Terence is nearby!
Terence hits you with a morningstar of crushing!!
Ouch! That really hurt!
You die...

### ### ###@###.#####.#
#..)@.......#..
#.#.###..##.#.#
#.#......##.#.# #
#.#.#.#..##.#.# . ###.###
#.....#..##.#.# ...
.......#########.!##.#.#..#..
........†....................
...#....########.....#.......


You could see Terence.

Vanquished Creatures
  An ooze (D:1)
  A dart slug (D:1)
  A goblin (D:1)
  2 hobgoblins
  3 kobolds (D:1)
  A frilled lizard (D:1)
  4 rats
13 creatures vanquished.

Vanquished Creatures (others)
  4 toadstools (D:1)
4 creatures vanquished.

Grand Total: 17 creatures vanquished

Notes
Turn   | Place    | Note
-------+----------+-------------------------------------------
     0 | D:1      | grindst0ne the Mummy Fire Elementalist began the quest for the Orb.
     0 | D:1      | Reached XP level 1. HP: 13/13 MP: 4/4
   171 | D:1      | Reached skill level 3 in Spellcasting
   356 | D:1      | Reached XP level 2. HP: 19/19 MP: 1/6
   845 | D:2      | Noticed Terence
   868 | D:2      | Demolished by Terence

Skill      XL: |  1 |
---------------+----+-----
Spellcasting   | 3 |  3.3
Dodging        | |  1.5
Stealth        | |  1.5
Conjurations   | |  0.7
Fire Magic     | |  2.8

Action                   || total
-------------------------++-------
Melee: Unarmed           ||     7
 Cast: Flame Tongue      ||    25
Armor: Robe              ||     2
Dodge: Dodged            ||     8
